Map: Lightshade LE

Players

Bistork

  • Race: Protoss Protoss

Nice - Winner!

  • Race: Protoss Protoss

Event: DreamHack SC2 Masters 2021 Summer

VOD

Have the link to the VOD?

Description

Time

  • Played on: May 19, 2021, 8:05 a.m.
  • Length: 8:35

All games in this series

Show
View Real Time Build Order
Export as new Build Order

Bistork Protoss 

Build Orders: Zealot Archon, Dark Templar Rush 

Get SALT Encoding   

  12  0:00  Probe  
  13  0:12  Probe  
  14  0:17  Pylon  
  14  0:24  Probe (Chrono Boost)  
  16  0:36  Probe (Chrono Boost)  
  16  0:38  Gateway  
  16  0:42  Probe (Chrono Boost)  
  16  0:46  Assimilator  
  17  0:51  Probe  
  17  0:53  Assimilator  
  18  1:03  Probe (Chrono Boost)  
  19  1:09  Gateway  
  19  1:14  Probe (Chrono Boost)  
  20  1:19  Probe (Chrono Boost)  
  20  1:25  Cybernetics Core  
  21  1:29  Probe  
  22  1:38  Pylon  
  22  1:41  Probe  
  23  1:56  Probe  
  23  2:00  Warp Gate (Chrono Boost)  
  24  2:02  Stalker x2  
  29  2:18  Shield Battery  
  29  2:22  Probe  
  29  2:24  Pylon  
  29  2:29  Pylon  
  29  2:39  Twilight Council  
  29  2:48  Stalker x2  
  32  3:12  Nexus  
  31  3:20  Probe  
  27  3:35  Dark Shrine  
  27  3:40  Probe  
  28  3:52  Probe  
  29  3:57  Adept x2  
  33  4:05  Probe (Chrono Boost)  
  33  4:09  Pylon  
  35  4:17  Probe (Chrono Boost)  
  35  4:19  Blink (Chrono Boost)  
  35  4:25  Probe (Chrono Boost)  
  35  4:29  Probe (Chrono Boost)  
  38  4:41  Probe (Chrono Boost)  
  38  4:43  Probe (Chrono Boost)  
  39  4:48  Dark Templar  
  39  4:49  Probe (Chrono Boost)  
  39  4:50  Probe (Chrono Boost)  
  43  5:00  Probe  
  43  5:02  Probe  
  43  5:07  Stalker  
  46  5:12  Probe  
  42  5:19  Probe  
  38  5:24  Probe  
  38  5:28  Sentry  
  41  5:30  Sentry  
  41  5:31  Probe (Chrono Boost)  
  41  5:34  Shield Battery  
  44  5:40  Probe (Chrono Boost)  
  46  5:43  Probe (Chrono Boost)  
  47  5:52  Probe x2 (Chrono Boost)  
  48  5:59  Dark Templar  
  48  6:01  Probe  
  48  6:02  Probe  
  52  6:05  Robotics Facility  
  52  6:09  Forge  
  52  6:13  Probe, Archon  
  53  6:19  Probe (Chrono Boost)  
  53  6:21  Assimilator  
  54  6:26  Probe (Chrono Boost), Pylon  
  55  6:38  Probe (Chrono Boost)  
  55  6:39  Probe (Chrono Boost)  
  57  6:41  Stalker x2  
  61  6:48  Probe, Gateway  
  61  6:50  Gateway  
  62  6:54  Probe  
  62  6:58  Assimilator  
  62  7:00  Probe  
  64  7:06  Probe  
  64  7:07  Immortal  
  69  7:09  Pylon  
  69  7:21  Probe  
  70  7:27  Probe, Pylon, Robotics Bay  
  69  7:40  Shield Battery x2  
  69  7:44  Immortal (Chrono Boost)  
  73  7:55  Pylon  
  73  7:57  Stalker x3  
  68  8:06  Stalker  
Show
View Real Time Build Order
Export as new Build Order

Nice Protoss - Winner!

Build Orders: Archon Immortal 

Get SALT Encoding   

  12  0:00  Probe  
  13  0:12  Probe  
  14  0:17  Pylon  
  14  0:24  Probe  
  15  0:35  Gateway  
  15  0:37  Probe (Chrono Boost)  
  16  0:46  Probe (Chrono Boost)  
  16  0:47  Assimilator  
  17  0:52  Probe  
  18  0:58  Assimilator  
  18  1:04  Probe (Chrono Boost)  
  19  1:10  Gateway  
  19  1:13  Probe (Chrono Boost)  
  20  1:18  Probe (Chrono Boost)  
  21  1:25  Cybernetics Core  
  21  1:30  Probe  
  22  1:36  Pylon  
  22  1:42  Probe  
  23  1:54  Probe  
  24  2:02  Warp Gate, Adept x2  
  24  2:06  Probe  
  29  2:13  Pylon  
  29  2:32  Stalker x2  
  32  2:51  Nexus  
  32  2:58  Shield Battery  
  32  3:02  Sentry  
  32  3:03  Sentry  
  36  3:10  Shield Battery  
  36  3:13  Probe (Chrono Boost)  
  37  3:25  Probe (Chrono Boost)  
  36  3:30  Robotics Facility  
  36  3:32  Probe (Chrono Boost)  
  37  3:39  Probe  
  36  3:51  Probe  
  36  3:52  Sentry  
  36  3:55  Pylon  
  39  4:03  Probe x2, Stalker  
  43  4:15  Probe  
  45  4:17  Observer (Chrono Boost)  
  45  4:19  Probe  
  46  4:25  Adept  
  46  4:26  Adept  
  46  4:27  Probe  
  46  4:29  Immortal (Chrono Boost)  
  55  4:31  Shield Battery  
  55  4:35  Probe  
  55  4:38  Pylon  
  56  4:39  Probe  
  56  4:43  Shield Battery  
  57  4:48  Probe  
  58  4:54  Probe, Twilight Council  
  58  4:56  Shield Battery  
  58  4:59  Observer  
  59  5:00  Immortal (Chrono Boost)  
  59  5:01  Probe  
  59  5:06  Probe  
  65  5:13  Probe  
  66  5:18  Probe  
  63  5:23  Assimilator  
  63  5:25  Probe, Pylon, Assimilator  
  64  5:28  Gateway  
  64  5:29  Gateway  
  64  5:30  Probe  
  64  5:33  Charge  
  65  5:38  Immortal (Chrono Boost)  
  70  5:47  Probe, Pylon  
  70  5:53  Gateway  
  70  5:56  Pylon  
  70  6:03  Templar Archives  
  70  6:05  Gateway  
  70  6:08  Gateway  
  70  6:14  Immortal (Chrono Boost)  
  74  6:22  Gateway  
  74  6:25  Pylon  
  74  6:31  Zealot  
  76  6:43  Warp Prism (Chrono Boost)  
  78  6:48  High Templar  
  78  6:49  High Templar  
  78  6:52  Archon  
  82  6:58  Zealot x3  
  88  7:03  Pylon  
  88  7:05  Zealot x2  
  93  7:08  Observer (Chrono Boost)  
  93  7:18  Zealot  
  93  7:19  Pylon  
  93  7:21  Pylon  
  93  7:24  Observer  
  93  7:28  High Templar x2  
  93  7:29  Zealot x5  
  108  7:33  Archon  
  108  7:50  High Templar x2  
  108  7:51  Zealot x4  
  116  7:54  Archon  
  116  7:55  Pylon  
  116  7:56  Pylon  
  114  8:07  Zealot x2  
Tags
 
Add a new tag
Caveats
  • Supply blocks, unpowered buildings, or Contaminate may cause inaccurate times.
  • Supply counts are checked every 10 seconds.